 Dungeon Crawl Stone Soup version 0.19.1 (webtiles) character file.

4948 Krapule the Fighter (level 10, -2/66 HPs)
             Began as a Gargoyle Fighter on Dec 1, 2016.
             Was a Follower of Qazlal.
             Killed from afar by a fire dragon (8 damage)
             ... with a blast of flame
             ... on level 7 of the Dungeon.
             The game lasted 00:26:18 (7639 turns).

Krapule the Fighter (Gargoyle Fighter)              Turns: 7639, Time: 00:26:19

Health: -2/66      AC: 22    Str: 22    XL:     10   Next: 52%
Magic:  13/13      EV:  7    Int: 10    God:    Qazlal [*.....]
Gold:   506        SH: 22    Dex:  9    Spells: 0 memorised, 9 levels left

rFire  + + .     SeeInvis .     a - +2 whip (freeze)
rCold  . . .     Gourm    .     T - +1 ring mail of the Trilobite {Slay+2}
rNeg   + . .     Faith    .     u - +0 large shield
rPois  ∞         Spirit   .     (no helmet)
rElec  +         Reflect  +     (no cloak)
rCorr  .         Harm     .     i - +0 pair of gloves
MR     .....                    C - +2 pair of boots
Stlth  ..........               G - +4 amulet of reflection
                                I - +3 ring of protection
                                q - ring of protection from fire

@: no status effects
A: fire resistance 1, negative energy resistance 1, electricity resistance,
unbreathing, petrification resistance, rot immunity, AC +7
a: Renounce Religion


You were on level 7 of the Dungeon.
You worshipped Qazlal.
Qazlal was aware of your devotion.
You were not hungry.

You visited 2 branches of the dungeon, and saw 8 of its levels.

You collected 506 gold pieces.

Inventory:

Hand Weapons
 a - a +2 whip of freezing (weapon)
Missiles
 e - 4 javelins of penetration (quivered)
Armour
 b - a +0 scale mail
 i - a +0 pair of gloves (worn)
 u - a +0 large shield (worn)
 C - a +2 pair of boots (worn)
 T - the +1 ring mail of the Trilobite (worn) {Slay+2}
   (You found it on level 6 of the Dungeon)

   It affects your accuracy and damage with ranged weapons and melee attacks
   (+2).
Jewellery
 n - a +4 ring of strength
 q - a ring of protection from fire (left hand)
 w - an uncursed ring of ice
 y - an uncursed ring of positive energy
 z - an uncursed amulet of rage
 G - a +4 amulet of reflection (around neck)
 I - a +3 ring of protection (right hand)
Wands
 m - a wand of slowing (16/48)
 S - a wand of teleportation (2/9)
Scrolls
 j - a scroll of enchant armour {unknown}
 l - 4 scrolls of immolation {unknown}
 p - a scroll of random uselessness {unknown}
 t - 3 scrolls of remove curse
 A - a scroll of identify
 B - a scroll of blinking {unknown}
 F - 2 scrolls of magic mapping {unknown}
 H - 2 scrolls of fog {unknown}
 J - 3 scrolls of amnesia {unknown}
 K - a scroll of teleportation {unknown}
 N - a scroll of recharging {unknown}
 P - 2 scrolls of enchant weapon {unknown}
 Q - a scroll of noise {unknown}
Potions
 c - a potion of lignification {unknown}
 d - a potion of degeneration {unknown}
 g - a potion of haste
 k - 2 potions of cure mutation
 r - 2 potions of brilliance
 s - 2 potions of flight
 v - a potion of agility
 x - 2 potions of cancellation {unknown}
 D - a potion of ambrosia {unknown}
 E - a potion of resistance
Books
 U - a book of Minor Magic

   Spells                             Type                      Level
   a - Magic Dart                     Conjuration                  1
   b - Blink                          Translocation                2
   c - Call Imp                       Summoning                    2
   d - Repel Missiles                 Charms/Air                   2
   e - Slow                           Hexes                        2
   f - Conjure Flame                  Conjuration/Fire             3
   g - Mephitic Cloud                 Conjuration/Poison/Air       3
Comestibles
 f - 9 bread rations
 h - 3 beef jerkies
 M - 2 meat rations


   Skills:
 + Level 9.0 Fighting
 + Level 7.5 Maces & Flails
 + Level 8.7 Armour
 + Level 8.7 Shields
 + Level 4.0 Invocations


You had 9 spell levels left.
You didn't know any spells.

Dungeon Overview and Level Annotations

Branches:
Dungeon (7/15)             Temple (1/1) D:6

Altars:
Ashenzari
Cheibriados
Dithmenos
Elyvilon
Fedhas
Gozag
Hepliaklqana
Kikubaaqudgha
Makhleb
Nemelex Xobeh
Okawaru
Qazlal
Ru
Sif Muna
Trog
Uskayaw
Vehumet
Xom
Zin
The Shining One


Innate Abilities, Weirdness & Mutations

You are resistant to torment.
Your stone body is resilient. (AC +7)
You are immune to poison.
You resist negative energy. (rN+)
You are resistant to electric shocks. (rElec)
You can survive without breathing.
You are immune to petrification.
You are immune to rotting.
Your flesh is heat resistant. (rF+)


Message History

You hit the fire dragon but do no damage.
The fire dragon is severely wounded.
You block the fire dragon's attack. x2; The fire dragon barely misses you.
You hit the fire dragon but do no damage.
The fire dragon is severely wounded.
The fire dragon breathes flames at you. The blast of flame hits you!
You resist.
* * * LOW HITPOINT WARNING * * *
You hit the fire dragon. You freeze the fire dragon.
The fire dragon is almost dead.
You hit the fire dragon. You freeze the fire dragon.
The fire dragon is almost dead.
You block the fire dragon's attack. The fire dragon claws you.
* * * LOW HITPOINT WARNING * * *
You block the fire dragon's attack.
You hit the fire dragon but do no damage.
The fire dragon is almost dead.
The fire dragon breathes flames at you. The blast of flame hits you!
You resist.
You die...

...###.#.###.#D##....###.##.#.#..
...#...#...#.#..##....##.##.#.##.
#.#####.#.#...###..##....#.###
#..§a.#...##....#####..###.# #
#####)#########'#####..# #.# .#
#.###.##.##..###.# C#
#..#..#..##......# # D.
###D#####.#..####### ..
##.@##.#..#......... #..
#.##.#..###..######. (.
#..#..##.##..######.
###.###.)##.........
#.#..#.##)#..######.
#..##..#..#.).......
######'#####.########
..............# ###############


You could see a fire dragon.

Vanquished Creatures
  Pikel (D:5)
  A hill giant (D:7)
  A deep elf mage (D:7)
  Sigmund (D:3)
  A spriggan (D:7)
  A steam dragon (D:7)
  Eustachio (D:5)
  Duvessa (D:5)
  A phantom (D:5)
  An ice beast (D:6)
  2 orc warriors (D:6)
  A slave (D:4)
  2 ogres
  2 sky beasts
  3 centaurs
  Blork the orc (D:5)
  3 bullfrogs
  Dowan (D:5)
  8 scorpions
  3 howler monkeys
  A bullfrog zombie (D:6)
  2 crimson imps
  6 hounds
  A quasit (D:7)
  2 centaur skeletons (D:5)
  2 orc priests
  9 orc wizards
  An iguana (D:4)
  2 worker ants
  5 adders
  2 shadow imps (D:5)
  5 oozes
  3 worms (D:2)
  2 dart slugs
  6 leopard geckos
  17 orcs
  A ball python (D:6)
  4 giant cockroaches
  11 goblins
  8 hobgoblins
  6 jackals
  5 kobolds
  4 quokkas
  6 bats
  6 frilled lizards
  A leopard gecko skeleton (D:6)
  A quokka skeleton (D:4)
  3 rats
158 creatures vanquished.

Vanquished Creatures (others)
  2 centaurs
2 creatures vanquished.

Grand Total: 160 creatures vanquished

Notes
Turn   | Place    | Note
-------+----------+-------------------------------------------
     0 | D:1      | Krapule the Gargoyle Fighter began the quest for the Orb.
     0 | D:1      | Reached XP level 1. HP: 14/14 MP: 1/1
   175 | D:1      | Reached XP level 2. HP: 14/19 MP: 2/2
   620 | D:1      | Reached XP level 3. HP: 23/23 MP: 3/3
  1146 | D:2      | Found a white marble altar of Elyvilon.
  1255 | D:2      | Reached skill level 4 in Fighting
  1323 | D:2      | Reached XP level 4. HP: 26/29 MP: 4/4
  2149 | D:2      | Reached XP level 5. HP: 18/33 MP: 5/5
  2452 | D:3      | Noticed Sigmund
  2481 | D:3      | Killed Sigmund
  2481 | D:3      | Reached skill level 5 in Fighting
  2481 | D:3      | Reached XP level 6. HP: 17/40 MP: 6/6
  3107 | D:4      | Reached skill level 5 in Armour
  3107 | D:4      | Reached skill level 5 in Shields
  3336 | D:4      | Reached XP level 7. HP: 44/44 MP: 7/7
  3795 | D:4      | Gained mutation: Your flesh is heat resistant. (rF+) [potion of beneficial mutation]
  3797 | D:5      | Entered Level 5 of the Dungeon
  4056 | D:5      | Found a sacrificial altar of Ru.
  4059 | D:5      | Noticed Eustachio
  4147 | D:4      | Found a shimmering altar of Xom.
  4156 | D:5      | Reached XP level 8. HP: 48/51 MP: 8/8
  4181 | D:5      | Killed Eustachio
  4181 | D:5      | Reached skill level 6 in Fighting
  4227 | D:5      | Reached skill level 5 in Maces & Flails
  4351 | D:5      | Noticed Blork the orc
  4352 | D:5      | Noticed Pikel
  4522 | D:5      | Killed Pikel
  4522 | D:5      | Reached skill level 7 in Fighting
  4642 | D:5      | Noticed Duvessa
  4642 | D:5      | Noticed Dowan
  4656 | D:5      | Killed Duvessa
  4656 | D:5      | Reached XP level 9. HP: 46/57 MP: 9/9
  4664 | D:5      | Killed Dowan
  5071 | D:5      | Killed Blork the orc
  5306 | D:6      | Found a staircase to the Ecumenical Temple.
  5342 | Temple   | Entered the Ecumenical Temple
  5436 | Temple   | Became a worshipper of Qazlal Stormbringer
  5585 | D:6      | Reached skill level 8 in Fighting
  5585 | D:6      | Reached skill level 1 in Invocations
  5727 | D:6      | Found a deep blue altar of Sif Muna.
  5783 | D:6      | Got an encrusted ring mail
  5802 | D:6      | Identified the cursed +1 ring mail of the Trilobite {Slay+2} (You found it on level 6 of the Dungeon)
  6092 | D:6      | Reached XP level 10. HP: 64/64 MP: 11/11
  6215 | D:7      | Found a hide-covered altar of Uskayaw.
  6216 | D:7      | Found an opulent altar of Gozag.
  6216 | D:7      | Found a hazy altar of Hepliaklqana.
  6217 | D:7      | Found an ancient bone altar of Kikubaaqudgha.
  6567 | D:7      | Reached * piety under Qazlal
  6872 | D:7      | Noticed a hill giant
  6888 | D:7      | Killed a hill giant
  7332 | D:7      | Noticed a fire dragon
  7346 | D:7      | Noticed a deep elf mage
  7351 | D:7      | Noticed an orc knight
  7352 | D:7      | Noticed a hill giant
  7370 | D:7      | Killed a deep elf mage
  7510 | D:7      | Reached skill level 9 in Fighting
  7639 | D:7      | Killed from afar by a fire dragon

Skill      XL: |  1  2  3  4  5  6  7  8  9 10 |
---------------+-------------------------------+-----
Fighting       | 4 5 7 8 9 |  9.0
Armour         | 4 5 6 8 |  8.7
Shields        | 4 5 7 8 |  8.7
Maces & Flails | 3 4 6 7 |  7.5
Invocations    | 2 4 |  4.0

Action                   |  1- 3 |  4- 6 |  7- 9 | 10-12 || total
-------------------------+-------+-------+-------+-------++-------
Melee: Flail             |   140 |   179 |   185 |       ||   504
       Whip              |       |       |   315 |   160 ||   475
Evoke: Wand              |       |       |       |     1 ||     1
  Use: Potion            |       |     1 |     3 |     6 ||    10
       Scroll            |       |       |    10 |     1 ||    11
 Stab: Paralysed         |       |       |     1 |       ||     1
  Eat: Chunk             |     1 |     6 |    11 |     2 ||    20
       Fruit             |       |       |       |     4 ||     4
       Pizza             |       |       |       |     1 ||     1
Armor: Scale mail        |    94 |    35 |       |       ||   129
       Ring mail         |       |    51 |   170 |    50 ||   271
Dodge: Dodged            |    43 |    51 |    96 |    26 ||   216
Block: Shield            |    86 |    88 |   245 |       ||   419
       Reflection        |       |       |    10 |     2 ||    12
       Large shield      |       |       |   139 |   191 ||   330
